 Dungeon Crawl Stone Soup version 0.27-a0-1200-g94dc6ad4cf (webtiles) character file.

Game seed: 1131944297617699117

58 Glokmah the Grasshopper (level 4, -1/38 HPs)
             Began as a Gnoll Warper on May 30, 2021.
             Was a Follower of Qazlal.
             Slain by a hound (4 damage)
             ... on level 2 of the Dungeon.
             The game lasted 00:02:18 (1955 turns).

Glokmah the Grasshopper (Gnoll Warper)              Turns: 1955, Time: 00:02:19

Health: -1/38      AC:  3    Str: 11    XL:     4   Next: 2%
Magic:  11/11      EV: 12    Int: 13    God:    Qazlal [*.....]
Gold:   55         SH:  1    Dex: 11    Spells: 11/13 levels left

rFire    . . .     SeeInvis .   a - +0 hand axe
rCold    . . .     Faith    .   (no shield)
rNeg     . . .     Spirit   .   b - +0 leather armour
rPois    .         Reflect  .   (no helmet)
rElec    .         Harm     .   (no cloak)
rCorr    .         Rampage  .   (no gloves)
Will     .....                  (no boots)
Stlth    +.........             (no amulet)
HPRegen  0.12/turn              (no ring)
MPRegen  0.12/turn              (no ring)

@: flying
A: fangs 1, strong nose, distributed training
a: Renounce Religion


You were on level 2 of the Dungeon.
You worshipped Qazlal.
Qazlal was aware of your devotion.
You visited 1 branch of the dungeon, and saw 2 of its levels.

You collected 55 gold pieces.

Inventory:

Hand Weapons
 a - a +0 hand axe (weapon)
Missiles
 e - 5 boomerangs of dispersal (quivered)
 k - 2 boomerangs
Armour
 b - a +0 leather armour (worn)
 c - a +0 chain mail
Scrolls
 d - a scroll of blinking
 g - 2 scrolls of identify {unknown}
 i - a scroll of noise {unknown}
Potions
 j - a potion of invisibility {unknown}


   Skills:
 + Level 4.6 Fighting
 + Level 1.0 Short Blades
 + Level 1.0 Long Blades
 + Level 4.6 Axes
 + Level 1.0 Maces & Flails
 + Level 1.0 Polearms
 + Level 1.0 Staves
 + Level 1.0 Slings
 + Level 1.0 Bows
 + Level 1.0 Crossbows
 + Level 2.7 Throwing
 + Level 2.7 Armour
 + Level 4.6 Dodging
 + Level 1.0 Stealth
 + Level 1.0 Shields
 + Level 1.0 Unarmed Combat
 + Level 5.0 Spellcasting
 + Level 0.7 Conjurations
 + Level 0.7 Hexes
 + Level 0.7 Summonings
 + Level 0.7 Necromancy
 + Level 5.4 Translocations
 + Level 0.7 Transmutations
 + Level 0.7 Fire Magic
 + Level 0.7 Ice Magic
 + Level 0.7 Air Magic
 + Level 0.7 Earth Magic
 + Level 0.7 Poison Magic
 + Level 1.1 Invocations
 + Level 1.0 Evocations


You had 11 spell levels left.
You knew the following spells:

 Your Spells              Type           Power      Damage    Failure   Level
a - Blink                 Tloc           N/A        N/A       3%          2

Your spell library contained the following spells:

 Spells                   Type           Power      Damage    Failure   Level
 Gell's Gravitas          Tloc           8%         N/A       8%          3
 Lesser Beckoning         Tloc           8%         N/A       8%          3
 Teleport Other           Tloc           17%        N/A       8%          3
 Manifold Assault         Tloc           17%        N/A       56%         5


Dungeon Overview and Level Annotations

Branches:
Dungeon (2/15)

Altars:
Qazlal

Shops:
D:1 [


Innate Abilities, Weirdness & Mutations

You have very sharp teeth.
Your uncanny sense of smell can sniff out nearby items.
Your experience applies equally to all skills.


Message History

You feel clever.
You hit the hound.
The hound is heavily wounded.
The hound bites you.
You closely miss the hound.
The hound is heavily wounded.
The hound bites you but does no damage. The hound closely misses you.
You barely miss the hound.
The hound is heavily wounded.
The hound bites you.
* * * LOW HITPOINT WARNING * * *
You barely miss the hound.
The hound is heavily wounded.
The hound barely misses you. x2
You closely miss the hound.
The hound is heavily wounded.
The hound closely misses you. The hound misses you.
You barely miss the hound. You bite the hound.
The hound is heavily wounded.
The hound bites you but does no damage.
You hit the hound.
The hound is heavily wounded.
The hound closely misses you. x2
You closely miss the hound.
The hound is heavily wounded.
The hound bites you.
* * * LOW HITPOINT WARNING * * *
The hound bites you.
* * * LOW HITPOINT WARNING * * *
You barely miss the hound.
The hound is heavily wounded.
The hound misses you.
You hit the hound.
The hound is severely wounded.
The hound bites you but does no damage. The hound bites you.
* * * LOW HITPOINT WARNING * * *
It was a potion of flight.
You feel very buoyant.
You fly up into the air.
The hound bites you.
You die...

#.# #.# ∆ ∆ # .# ..#+#
#####################......
##.................†........
#.......###...h†######......
#.......# #...@.# )....
#.......###...°.# ∆ .###
#.......#.......# #
#....†..#.......#
#.......#.......#
####'######.......# ....|#
#.......# ###### #.......#
#.......#


You could see a hound.

Vanquished Creatures
  3 adders (D:2)
  A worm (D:2)
  2 ball pythons (D:1)
  2 giant cockroaches
  4 goblins
  3 hobgoblins (D:1)
  2 jackals (D:1)
  4 kobolds
  2 quokkas (D:1)
  2 frilled lizards
  5 rats
30 creatures vanquished.

Notes
Turn   | Place    | Note
-------+----------+-------------------------------------------
     0 | D:1      | Glokmah the Gnoll Warper began the quest for the Orb.
     0 | D:1      | Reached XP level 1. HP: 20/20 MP: 6/6
   203 | D:1      | Found Siwud's Armour Emporium.
   289 | D:1      | Reached XP level 2. HP: 23/26 MP: 7/7
   504 | D:1      | Learned a level 2 spell: Blink
  1241 | D:2      | Found a faded altar of an unknown god.
  1251 | D:2      | Reached skill level 5 in Spellcasting
  1251 | D:2      | Reached XP level 3. HP: 18/31 MP: 7/9
  1390 | D:2      | Became a worshipper of Qazlal Stormbringer
  1390 | D:2      | Reached * piety under Qazlal
  1439 | D:2      | Reached skill level 1 in Invocations
  1945 | D:2      | Reached skill level 1 in Short Blades
  1945 | D:2      | Reached skill level 1 in Long Blades
  1945 | D:2      | Reached skill level 1 in Maces & Flails
  1945 | D:2      | Reached skill level 1 in Polearms
  1945 | D:2      | Reached skill level 1 in Staves
  1945 | D:2      | Reached skill level 1 in Slings
  1945 | D:2      | Reached skill level 1 in Bows
  1945 | D:2      | Reached skill level 1 in Crossbows
  1945 | D:2      | Reached skill level 1 in Stealth
  1945 | D:2      | Reached skill level 1 in Shields
  1945 | D:2      | Reached skill level 1 in Unarmed Combat
  1945 | D:2      | Reached skill level 1 in Evocations
  1945 | D:2      | Reached XP level 4. HP: 16/38 MP: 11/11
  1955 | D:2      | Slain by a hound

Illustrated notes

Levels and vault maps discovered:
D:1:      matt_arrival_los_fun, layout_loops_ring, serial_shops, shop,
          grunt_decor_one_mirror
D:2:      layout_basic, ebering_ecumenical_altar_sacrificial, serial_park_tiny_2

Skill      XL: |  1  2  3 |
---------------+----------+-----
Spellcasting   | 5 |  5.0
Invocations    | 1 |  1.1
Short Blades   | 1 |  1.0
Long Blades    | 1 |  1.0
Maces & Flails | 1 |  1.0
Polearms       | 1 |  1.0
Staves         | 1 |  1.0
Slings         | 1 |  1.0
Bows           | 1 |  1.0
Crossbows      | 1 |  1.0
Stealth        | 1 |  1.0
Shields        | 1 |  1.0
Unarmed Combat | 1 |  1.0
Evocations     | 1 |  1.0
Fighting       | |  4.6
Axes           | |  4.6
Throwing       | |  2.7
Armour         | |  2.7
Dodging        | |  4.6
Conjurations   | |  0.7
Hexes          | |  0.7
Summonings     | |  0.7
Necromancy     | |  0.7
Translocations | |  5.4
Transmutations | |  0.7
Fire Magic     | |  0.7
Ice Magic      | |  0.7
Air Magic      | |  0.7
Earth Magic    | |  0.7
Poison Magic   | |  0.7

Action                   |  1- 3 |  4- 6 || total
-------------------------+-------+-------++-------
Melee: Hand axe          |   150 |    10 ||   160
       Bite              |    12 |     1 ||    13
  Use: Potion            |     2 |     1 ||     3
Armor: Leather armour    |    32 |     3 ||    35
Dodge: Dodged            |   104 |     8 ||   112

Table legend: (Time is in decaauts)
 A = Elapsed time spent in this place.
 B = Non-inter-level travel time spent in this place.
 C = Inter-level travel time spent in this place.
 D = Time resting spent in this place.
 E = Time spent auto-exploring this place.
 F = Levels seen in this place.
 G = Mean time per level.
                   A        B        C        D        E       F      G
               +--------+--------+--------+--------+--------+-----+--------+
         Total |   1967 |   1927 |     40 |    499 |   1058 |   2 |  983.5 |
       Dungeon |   1967 |   1927 |     40 |    499 |   1058 |   2 |  983.5 |
               +--------+--------+--------+--------+--------+-----+--------+

Top non-repeatable levels by time:
     D:1: 1246 daAuts
     D:2: 721 daAuts
